 Dungeon Crawl Stone Soup version 0.32-a0-918-g0f22ef8d61 (webtiles) character file.

Game seed: 1738911589708774928

29 prad the Trooper (level 3, -2/29 HPs)
             Began as a Demonspawn Monk on Apr 11, 2024.
             Slain by an orc priest
             ... wielding a +0 flail
              (7 damage)
             ... on level 4 of the Dungeon.
             The game lasted 00:01:54 (979 turns).

prad the Trooper (Demonspawn Monk)                   Turns: 979, Time: 00:01:55

Health: -2/29      AC:  3    Str: 11    XL:     3   Next: 1%
Magic:  3/3        EV: 12    Int: 10    God:
Gold:   71         SH:  0    Dex: 17    Spells: 2/2 levels left

rFire   . . .        a - +0 falchion
rCold   . . .        d - orb {light}
rNeg    . . .        b - +0 robe
rPois   .            (helmet restricted)
rElec   .            (no cloak)
rCorr   .            (no gloves)
SInv    .            l - +0 pair of boots
Will    .....        (no amulet)
Stlth   +            (no ring)
HPRegen 0.24/turn    (no ring)
MPRegen 0.08/turn

%: no passive effects
@: confused, brilliant, glowing
A: antennae 1, ignite blood 1
a: Convert to Beogh


You were on level 4 of the Dungeon.
You visited 1 branch of the dungeon, and saw 3 of its levels.

You collected 71 gold pieces.

Inventory:

Hand Weapons
 a - a +0 falchion (weapon)
Armour
 b - a +0 robe (worn)
 d - an orb of light (worn)
 e - a +0 helmet
 l - a +0 pair of boots (worn)
Scrolls
 f - a scroll of identify {unknown}
 j - a scroll of amnesia {unknown}
 k - a scroll of vulnerability {unknown}
Potions
 c - a potion of ambrosia
 g - a potion of attraction {unknown}
 i - a potion of enlightenment {unknown}


   Skills:
 + Level 3.3 Fighting
 + Level 3.0 Long Blades
 + Level 1.0 Armour
 + Level 3.0 Dodging


You had 2 spell levels left.
You didn't know any spells.
Your spell library contained the following spells:

 Spells                   Type           Power      Damage    Failure   Level
 Magic Dart               Conj           0%         1d3       36%         1
 Searing Ray              Conj           0%         2d4       50%         2
 Fulminant Prism          Conj/Alch      0%         3d5       98%         4


Dungeon Overview and Level Annotations

Branches:
Dungeon (2/15)

Altars:
Dithmenos
Trog
Yredelemnul


Innate Abilities, Weirdness & Mutations

You have a pair of small antennae on your head.
Your demonic aura sometimes causes spilled blood to erupt in flames.


Message History

Unknown command.
Press < or > to pray at altars.
The orc hits you with a +1 short sword of freezing.
The orc freezes you.
Unknown command.
You hit the orc wizard.
The orc wizard is moderately wounded.
You feel less confused.
The orc wizard points at you and mumbles some strange words.
The magic dart hits you!
The orc hits you with a +1 short sword of freezing.
The orc freezes you.
The orc priest shouts, "The Pantheon deserves no one's loyalty.
Let us show you the true path!" (press Y on the ability menu to convert to Beogh)
You barely miss the orc wizard.
The orc wizard is moderately wounded.
The orc wizard gestures wildly while chanting.
The orc wizard flickers and vanishes for a moment.
The orc barely misses you. The orc priest misses you.
Unknown command.
Unknown command.
You completely miss the orc wizard.
The orc wizard is moderately wounded.
The orc misses you.
The orc wizard points at you and mumbles some strange words.
You are confused.
The orc hits you with a +1 short sword of freezing.
* * * LOW HITPOINT WARNING * * *
The orc freezes you.
* * * LOW HITPOINT WARNING * * *
The orc priest hits you with a +0 flail.
* * * LOW HITPOINT WARNING * * *
The orc wizard hits you with a +0 dagger.
* * * LOW HITPOINT WARNING * * *
The orc barely misses you. The orc closely misses you.
It was a potion of brilliance.
You feel clever all of a sudden.
The orc priest shouts, "Beogh offers mercy even to people such as you.
Join us and be reborn!"
The orc priest hits you with a +0 flail!
You die...

#. ###.. ## #....########
#.####
##....#.....###..#..#
##....##..._........?#
#......#..............
##.....................
#........_..ß.@o.......
#..##.......)ooo.......
##..##..................
##............_..........
.#.....##.##.............
.......###....#........>.
#...................#....
##.##.......##......#....
.#.#####....#............


You could see an orc priest, an orc wizard (invisible) and 2 orcs.

Vanquished Creatures
  A ribbon worm (D:2)
  3 endoplasms
  2 giant cockroaches (D:1)
  2 goblins (D:1)
  3 hobgoblins (D:1)
  2 jackals (D:1)
  A quokka (D:1)
  A ball python (D:1)
  2 bats (D:1)
  A frilled lizard (D:1)
  A kobold (D:4)
  6 rats (D:1)
25 creatures vanquished.

Notes
Turn   | Place    | Note
-------+----------+-------------------------------------------
     0 | D:1      | prad the Demonspawn Monk began the quest for the Orb.
     0 | D:1      | Reached XP level 1. HP: 18/18 MP: 1/1
   245 | D:1      | Gained mutation: Your demonic aura sometimes causes spilled
                  | blood to erupt in flames. [demonic ancestry]
   245 | D:1      | Reached XP level 2. HP: 24/24 MP: 2/2
   658 | D:1      | Reached skill level 1 in Armour
   863 | D:2      | Gained mutation: You have a pair of small antennae on your
                  | head. [demonic ancestry]
   863 | D:2      | Reached XP level 3. HP: 13/29 MP: 3/3
   930 | D:2      | You fall into a shaft and drop 2 floors!
   955 | D:4      | Found a shadowy altar of Dithmenos.
   958 | D:4      | Found a basalt altar of Yredelemnul.
   961 | D:4      | Found a bloodstained altar of Trog.
   979 | D:4      | Slain by an orc priest

Illustrated notes

Levels and vault maps discovered:
D:1:      lightli_arrival_lavapool, layout_loops_ring, moated_statue
D:2:      layout_basic, basic_altar, dreamdust_ecumenical_altar_sealed_demon,
          uniq_jessica
D:4:      layout_cave_pools, grunt_temple_overflow_open, uniq_pikel,
          uniq_blork_the_orc, uniq_grinder

Skill      XL: |  1  2 |
---------------+-------+-----
Long Blades    | 3 |  3.0
Armour         | 1 |  1.0
Dodging        | 3 |  3.0
Fighting       | |  3.3

Action                     || total
---------------------------++-------
  Melee: Falchion          ||    68
    Use: Potion            ||     1
 Armour: Robe              ||    44
  Dodge: Dodged            ||    45

Table legend: (Time is in decaauts)
 A = Elapsed time spent in this place.
 B = Non-inter-level travel time spent in this place.
 C = Inter-level travel time spent in this place.
 D = Time resting spent in this place.
 E = Time spent auto-exploring this place.
 F = Levels seen in this place.
 G = Mean time per level.
                   A        B        C        D        E       F      G
               +--------+--------+--------+--------+--------+-----+--------+
         Total |    989 |    949 |     40 |     65 |    687 |   3 |  329.7 |
       Dungeon |    989 |    949 |     40 |     65 |    687 |   3 |  329.7 |
               +--------+--------+--------+--------+--------+-----+--------+

Top non-repeatable levels by time:
     D:1: 720 daAuts
     D:2: 218 daAuts
     D:4: 49 daAuts
